[Event "ICC tourney 1955 (60 10)"]
[Site "Internet Chess Club"]
[Date "2020.08.08"]
[Round "6"]
[White "Zues9393"]
[Black "ShaunTracey"]
[Result "1-0"]
[ICCResult "Black resigns"]
[WhiteElo "1992"]
[BlackElo "1843"]
[Opening "Scandinavian (center counter) defense"]
[ECO "B01"]
[NIC "VO.17"]
[Time "18:37:52"]
[TimeControl "3600+10"]

1. e4 d5 2. Nc3 dxe4 3. Nxe4 Nc6 4. Nf3 e5 5. Bb5 Qd5 6. Nc3 Qd6 7. Qe2 f6
8. d4 Bd7 9. dxe5 Qe6 10. Bc4 Qf5 11. e6 Bc8 12. Nd5 Bd6 13. h3 Ne5 14. Nh4
Qxe6 15. Nxc7+ Bxc7 16. Bxe6 Bxe6 17. f4 {Black resigns} 1-0

[Event "ICC tourney 1955 (60 10)"]
[Site "Internet Chess Club"]
[Date "2020.08.08"]
[Round "6"]
[White "betterone76"]
[Black "dabpacman"]
[Result "1/2-1/2"]
[ICCResult "Game drawn because neither player has mating material"]
[WhiteElo "1806"]
[BlackElo "1540"]
[Opening "Sicilian: Katalimov variation"]
[ECO "B27"]
[NIC "SI.43"]
[Time "18:36:39"]
[TimeControl "3600+10"]

1. e4 c5 2. Nf3 b6 3. d4 cxd4 4. Nxd4 Bb7 5. Nc3 a6 6. Be3 e6 7. a3 Qc7 8.
Be2 Bd6 9. Ndb5 axb5 10. Nxb5 Bb4+ 11. c3 Bxc3+ 12. bxc3 Qc6 13. Nd6+ Ke7
14. Nxb7 Qxb7 15. Rb1 Qc7 16. O-O Rxa3 17. Bxb6 Qxc3 18. Rc1 Qb3 19. Bc5+
Kf6 20. e5+ Kg6 21. Bc4 Qxd1 22. Rfxd1 Ra5 23. Rc3 f5 24. exf6 Nxf6 25. Rg3+
Kf7 26. Bd4 Rc8 27. Bd3 Rd5 28. Bxf6 gxf6 29. Rh3 h6 30. f4 Rc3 31. Kf2 Ke7
32. Ke2 h5 33. Be4 Rxh3 34. Bxd5 Ra3 35. Bf3 Ra4 36. Ke3 Ra5 37. Rd4 Ra3+
38. Kf2 Ra5 39. Kg3 e5 40. fxe5 fxe5 41. Rh4 d5 42. Rxh5 d4 43. Rh7+ Kd6 44.
h4 Ra3 45. Kf2 Nd7 46. h5 Nf6 47. Rb7 e4 48. h6 exf3 49. gxf3 Ra2+ 50. Kg3
d3 51. Kf4 d2 52. Rb1 Ra5 53. Rd1 Rh5 54. Rxd2+ Ke6 55. Re2+ Kf7 56. Re5
Rxe5 57. Kxe5 Kg6 58. f4 Nh7 59. f5+ Kxh6 60. f6 Nxf6
{Game drawn because neither player has mating material}
1/2-1/2

[Event "ICC tourney 1955 (60 10)"]
[Site "Internet Chess Club"]
[Date "2020.08.08"]
[Round "6"]
[White "qiaoqiaoszx"]
[Black "Tombstone"]
[Result "1-0"]
[ICCResult "Black checkmated"]
[WhiteElo "2035"]
[BlackElo "2009"]
[Opening "Sicilian: Sozin with ...a6 and ...b5"]
[ECO "B87"]
[NIC "SI.13"]
[Time "18:37:25"]
[TimeControl "3600+10"]

1. e4 c5 2. Nf3 d6 3. d4 cxd4 4. Nxd4 Nf6 5. Nc3 a6 6. Bc4 e6 7. Bb3 b5 8.
O-O Be7 9. Qf3 Qc7 10. Be3 O-O 11. h3 Bb7 12. a3 Nbd7 13. Qg3 Nc5 14. f3 Kh8
15. Rad1 Rfd8 16. Ba2 Rac8 17. Rd2 Bf8 18. Rfd1 Ncd7 19. Bxe6 fxe6 20. Nxe6
Qb8 21. Nxd8 Rxd8 22. Bf4 Ne8 23. e5 dxe5 24. Bxe5 Qa7+ 25. Kh1 Bc6 26. Qf4
Bc5 27. Qf5 Nef6 28. Bxf6 gxf6 29. Ne4 Bb6 30. Nxf6 Nf8 31. Rxd8 Bxd8 32.
Rxd8 Kg7 33. Nh5+ Kg8 34. Qxf8# {Black checkmated} 1-0

[Event "ICC tourney 1955 (60 10)"]
[Site "Internet Chess Club"]
[Date "2020.08.08"]
[Round "6"]
[White "carlsthe1"]
[Black "sgangavarapu"]
[Result "1/2-1/2"]
[ICCResult "Game drawn by mutual agreement"]
[WhiteElo "2063"]
[BlackElo "1838"]
[Opening "Sicilian, Chekhover variation"]
[ECO "B53"]
[NIC "SI.02"]
[Time "18:37:32"]
[TimeControl "3600+10"]

1. e4 c5 2. Nf3 d6 3. d4 cxd4 4. Qxd4 a6 5. Be2 Nc6 6. Qe3 Nf6 7. O-O g6 8.
Rd1 Bg7 9. c4 O-O 10. Nc3 Ng4 11. Qf4 Nge5 12. Be3 Ng4 13. Bd2 Qb6 14. Qg3
Qxb2 15. Nd5 Nf6 16. Qh4 Rb8 17. Bd3 Qa3 18. Bc1 Qa5 19. Bb2 Nh5 20. Bxg7
Kxg7 21. Be2 e6 22. Ne7 Nxe7 23. Qxe7 Nf4 24. Bf1 Qd8 25. Qxd6 Qxd6 26. Rxd6
e5 27. Nxe5 Re8 28. Nd3 Nxd3 29. Bxd3 Be6 30. f3 Rec8 31. Rd4 Rd8 32. Rxd8
Rxd8 33. Bf1 Rc8 34. Rc1 b5 35. Kf2 bxc4 36. Ke3 Rb8 37. Bxc4 Bxc4 38. Rxc4
Rb2 39. Ra4 Rxg2 40. h4 Rh2 41. Rxa6 Rxh4 42. a4 Rh1 43. a5 Ra1 44. Kf4 h5
45. Kg3 g5 46. Kh3 Ra3 47. Kg2 Ra2+ 48. Kh3 Ra3 {Game drawn by mutual
agreement} 1/2-1/2

[Event "ICC tourney 1955 (60 10)"]
[Site "Internet Chess Club"]
[Date "2020.08.08"]
[Round "6"]
[White "aritroc"]
[Black "Lonestarpawn"]
[Result "0-1"]
[ICCResult "White resigns"]
[WhiteElo "1866"]
[BlackElo "2019"]
[Opening "Queen's gambit declined"]
[ECO "D30"]
[NIC "QP.08"]
[Time "18:37:08"]
[TimeControl "3600+10"]

1. d4 d5 2. c4 e6 3. Nf3 Nf6 4. g3 Bb4+ 5. Bd2 Be7 6. Bg2 O-O 7. O-O c6 8.
Nc3 Nbd7 9. b3 b6 10. Bc1 a5 11. Bb2 Ba6 12. Nd2 Rc8 13. e4 c5 14. dxc5 Nxc5
15. exd5 exd5 16. Nxd5 Nxd5 17. Bxd5 Nd3 18. Bc3 Nb4 19. Be4 f5 20. Bg2 Qc7
21. a3 Nc6 22. Re1 Bc5 23. Bd5+ Kh8 24. Re6 Ne7 25. Be5 Bxf2+ 26. Kxf2 Qc5+
27. Ke1 Nxd5 28. Bd6 Qg1+ 29. Nf1 Nc3 30. Qh5 Ne4 31. Ra2 Nxd6 32. Rxd6 f4
33. Qh3 fxg3 34. hxg3 Rce8+ 35. Re2 Qf2+ {White resigns} 0-1

[Event "ICC tourney 1955 (60 10)"]
[Site "Internet Chess Club"]
[Date "2020.08.08"]
[Round "6"]
[White "rohu333"]
[Black "chessKingR"]
[Result "1-0"]
[ICCResult "Black resigns"]
[WhiteElo "1870"]
[BlackElo "1829"]
[Opening "Sicilian defense"]
[ECO "B30"]
[NIC "SI.31"]
[Time "18:42:10"]
[TimeControl "3600+10"]

1. e4 c5 2. Nf3 Nc6 3. Nc3 Nf6 4. g3 d6 5. Bg2 g6 6. O-O Bg7 7. d3 O-O 8.
Bd2 a6 9. a4 Bg4 10. h3 Bd7 11. Qc1 Qc8 12. Kh2 Nd4 13. Nxd4 cxd4 14. Ne2 e5
15. f4 h5 16. Bb4 Ne8 17. fxe5 Bxe5 18. Nf4 Nf6 19. Rf2 a5 20. Bd2 g5 21.
Ne2 g4 22. h4 Nh7 23. Bh6 Qe8 24. Bxf8 Qxf8 25. Nf4 Nf6 26. Qd2 b6 27. Ne2
Qg7 28. c3 dxc3 29. bxc3 Ne8 30. d4 Bf6 31. e5 {Black resigns} 1-0

[Event "ICC tourney 1955 (60 10)"]
[Site "Internet Chess Club"]
[Date "2020.08.08"]
[Round "6"]
[White "investigator"]
[Black "Zwish"]
[Result "1-0"]
[ICCResult "Black resigns"]
[WhiteElo "2129"]
[BlackElo "1948"]
[Opening "English: symmetrical variation"]
[ECO "A16"]
[NIC "EO.64"]
[Time "18:37:32"]
[TimeControl "3600+10"]

1. c4 Nf6 2. Nc3 c5 3. g3 e6 4. Bg2 d5 5. d4 dxc4 6. Qa4+ Qd7 7. Qxc4 cxd4
8. Nb5 Na6 9. Bd2 e5 10. Rc1 Bd6 11. Bh3 Ng4 12. Bxg4 Qxg4 13. Nxd6+ Ke7 14.
Bb4 Nxb4 15. Qxb4 Ke6 16. Nf3 a5 17. Qc5 b6 18. Qxe5+ {Black resigns} 1-0

[Event "ICC tourney 1955 (60 10)"]
[Site "Internet Chess Club"]
[Date "2020.08.08"]
[Round "6"]
[White "mopaska1106"]
[Black "piplup0621"]
[Result "1-0"]
[ICCResult "Black resigns"]
[WhiteElo "2039"]
[BlackElo "1892"]
[Opening "Grünfeld: exchange, classical variation"]
[ECO "D86"]
[NIC "GI.05"]
[Time "18:36:55"]
[TimeControl "3600+10"]

1. d4 Nf6 2. c4 g6 3. Nc3 d5 4. cxd5 Nxd5 5. e4 Nxc3 6. bxc3 Bg7 7. Bc4 c5
8. Ne2 Nc6 9. Be3 O-O 10. h4 h5 11. O-O b6 12. Bd5 Bb7 13. Bg5 Qd7 14. Bxc6
Bxc6 15. d5 Bb5 16. Rc1 Bxe2 17. Qxe2 Bf6 18. Bxf6 exf6 19. c4 Rfe8 20. Qd3
Qd6 21. f4 Re7 22. Qf3 Rae8 23. Rce1 Qd7 24. Re2 f5 25. e5 Kg7 26. Rfe1 Qb7
27. Qc3 Qb8 28. g3 Rd8 29. e6+ f6 30. Rd1 Rd6 31. g4 hxg4 32. h5 gxh5 33.
Qg3 Qh8 34. Qh4 Kg6 35. Kg2 Qh6 36. Kg3 Qh8 37. Rh1 Qh6 38. Reh2 Rh7 39.
Qxh5+ Qxh5 40. Rxh5 Re7 41. Rh6+ Kg7 42. Rh7+ Kf8 43. Rh8+ Kg7 44. R1h7+ Kg6
45. Rxe7 b5 46. Rhh7 {Black resigns} 1-0

[Event "ICC tourney 1955 (60 10)"]
[Site "Internet Chess Club"]
[Date "2020.08.08"]
[Round "6"]
[White "wolfchess1"]
[Black "sichuansy"]
[Result "1-0"]
[ICCResult "Black resigns"]
[WhiteElo "2117"]
[BlackElo "1917"]
[Opening "Sicilian: dragon, Yugoslav attack, Rauser variation"]
[ECO "B76"]
[NIC "SI.31"]
[Time "18:36:36"]
[TimeControl "3600+10"]

1. e4 c5 2. Nf3 Nc6 3. Nc3 g6 4. d4 cxd4 5. Nxd4 Bg7 6. Be3 d6 7. Qd2 Nf6 8.
f3 O-O 9. O-O-O d5 10. exd5 Nxd5 11. Nxc6 bxc6 12. Nxd5 cxd5 13. Qxd5 Qxd5
14. Rxd5 Be6 15. Rd1 Rab8 16. Bd4 a5 17. Bxg7 Kxg7 18. b3 Rfc8 19. Bd3 Rc7
20. Be4 a4 21. Kb2 Ra7 22. Rd2 f5 23. Bd5 Rd8 24. Rhd1 Rad7 25. c4 Rd6 26.
Kc3 Rc8 27. Bb7 Rxd2 28. Rxd2 Rc7 29. Bd5 Bd7 30. f4 Kf6 31. b4 e6 32. Bf3
h6 33. c5 Bb5 34. Be2 Bc6 35. Bc4 g5 36. fxg5+ hxg5 37. b5 Bb7 38. Kb4 g4
39. g3 e5 40. Rd6+ Kg5 41. c6 Ba8 42. Kc5 f4 43. Rd7 Rc8 44. Rg7+ Kf5 45.
Kd6 Rd8+ 46. Rd7 Re8 47. Rf7+ Ke4 48. Kd7 Rh8 49. b6 Bxc6+ 50. Kxc6 Rxh2 51.
b7 Rh8 52. Kc7 fxg3 53. Bf1 Ke3 54. b8=Q Rxb8 55. Kxb8 Kd2 56. Rg7 Ke1 57.
Rxg4 Kxf1 58. Rxg3 Kf2 59. Ra3 e4 60. Rxa4 e3 61. Rf4+ Kg3 62. Re4 Kf3 63.
Re8 e2 64. a4 Kf2 65. a5 e1=Q 66. Rxe1 Kxe1 67. a6 {Black resigns} 1-0

[Event "ICC tourney 1955 (60 10)"]
[Site "Internet Chess Club"]
[Date "2020.08.08"]
[Round "6"]
[White "Kokoro"]
[Black "PearsonH"]
[Result "1-0"]
[ICCResult "Black resigns"]
[WhiteElo "2182"]
[BlackElo "1767"]
[Opening "QGD: exchange, positional line"]
[ECO "D35"]
[NIC "QO.16"]
[Time "18:37:06"]
[TimeControl "3600+10"]

1. d4 e6 2. c4 d5 3. Nc3 Nf6 4. cxd5 exd5 5. Bg5 Be7 6. e3 O-O 7. Bd3 c6 8.
Qc2 h6 9. Bh4 Re8 10. Nf3 Nbd7 11. O-O Ne4 12. Bxe7 Qxe7 13. Rab1 a5 14.
Rfc1 Ndf6 15. Ne5 Nd7 16. Bxe4 dxe4 17. Nxd7 Bxd7 18. Na4 f5 19. Nb6 Ra6 20.
Qc5 Be6 21. b3 Qf6 22. g3 h5 23. h4 Qg6 24. Nc4 Bxc4 25. bxc4 Rb8 26. Qe5
Re8 27. Qc7 Qf7 28. Qxf7+ Kxf7 29. Rxb7+ Re7 30. Rcb1 Ra7 31. Rxa7 Rxa7 32.
Rb6 Ke7 33. Rxc6 Kf7 34. c5 Ke7 35. Kf1 a4 36. a3 Kf7 37. Ke2 Ke7 38. Kd2
Kf7 39. Kc3 Rb7 40. Rb6 {Black resigns} 1-0

[Event "ICC tourney 1955 (60 10)"]
[Site "Internet Chess Club"]
[Date "2020.08.08"]
[Round "6"]
[White "winner08"]
[Black "Aarush37"]
[Result "1-0"]
[ICCResult "Black resigns"]
[WhiteElo "1779"]
[BlackElo "1799"]
[Opening "Scotch: Potter variation"]
[ECO "C45"]
[NIC "SO.05"]
[Time "18:37:24"]
[TimeControl "3600+10"]

1. e4 e5 2. Nf3 Nc6 3. d4 exd4 4. Nxd4 Bc5 5. Nb3 Bb6 6. Nc3 Nf6 7. Qe2 Qe7
8. f3 d6 9. Be3 Be6 10. O-O-O O-O-O 11. Kb1 d5 12. Bxb6 axb6 13. e5 Nd7 14.
Nxd5 Bxd5 15. Rxd5 Ndxe5 16. Rxd8+ Rxd8 17. g3 Qb4 18. f4 Ng6 19. Bg2 Nd4
20. Qe4 Nc6 21. Qf5+ Kb8 22. Qxf7 Qb5 23. Qxg7 Nb4 24. Qxh7 Qe2 25. Qxg6
Qxg2 26. Rc1 Qxh2 27. f5 Qh8 28. f6 Rd6 29. Qg4 Nd5 30. f7 Nf6 31. Qg6 Rd8
32. Rf1 Nd7 33. Re1 Nf6 34. g4 Qh4 35. Re8 Nxe8 36. fxe8=Q Rxe8 37. Qxe8+
Ka7 38. Qh5 Qe1+ 39. Nc1 {Black resigns} 1-0

[Event "ICC tourney 1955 (60 10)"]
[Site "Internet Chess Club"]
[Date "2020.08.08"]
[Round "6"]
[White "lemonoosa"]
[Black "fork321"]
[Result "1-0"]
[ICCResult "Black resigns"]
[WhiteElo "2082"]
[BlackElo "1895"]
[Opening "Modern defense"]
[ECO "A40"]
[NIC "QO.17"]
[Time "18:37:50"]
[TimeControl "3600+10"]

1. d4 g6 2. Bf4 Bg7 3. Nc3 c5 4. d5 d6 5. e4 Nf6 6. Qd2 O-O 7. h4 e6 8. dxe6
Bxe6 9. Bxd6 Re8 10. Bxc5 Qc7 11. Bd6 Qb6 12. e5 Ng4 13. h5 Nxe5 14. O-O-O
Ng4 15. hxg6 hxg6 16. Nh3 Rd8 17. Ng5 Qxf2 18. Nxe6 fxe6 19. Bc4 Qxd2+ 20.
Rxd2 Bh6 21. Bxe6+ Kg7 22. Rxh6 Rxd6 23. Rxg6+ Kxg6 24. Rxd6 Nf6 25. Bc8 Nd7
26. Bxd7 Rd8 27. Bf5+ {Black resigns} 1-0

[Event "ICC tourney 1955 (60 10)"]
[Site "Internet Chess Club"]
[Date "2020.08.08"]
[Round "6"]
[White "jimjimmo"]
[Black "AHSRULES"]
[Result "0-1"]
[ICCResult "White checkmated"]
[WhiteElo "1919"]
[BlackElo "1855"]
[Opening "King's Indian, 3.Nf3"]
[ECO "E61"]
[NIC "QP.06"]
[Time "18:37:07"]
[TimeControl "3600+10"]

1. d4 Nf6 2. Nf3 g6 3. c4 Bg7 4. Nc3 O-O 5. Bg5 h6 6. Bh4 c5 7. e3 d6 8. Be2
cxd4 9. exd4 Bf5 10. O-O Nbd7 11. Rc1 Rc8 12. Bg3 Be6 13. d5 Bg4 14. Nd2
Bxe2 15. Qxe2 Nh5 16. Rfe1 Re8 17. b3 Nxg3 18. hxg3 a6 19. Qe3 Ne5 20. Nf3
Nxf3+ 21. gxf3 b5 22. Ne4 Qa5 23. cxb5 axb5 24. Re2 Rxc1+ 25. Qxc1 Qa8 26.
Qd2 Rc8 27. Qd3 Rc1+ 28. Kg2 b4 29. Qb5 Kh7 30. Qxb4 Qxd5 31. Rd2 Qh5 32. g4
Qh1+ 33. Kg3 Be5+ 34. f4 Rg1# {White checkmated} 0-1

[Event "ICC tourney 1955 (60 10)"]
[Site "Internet Chess Club"]
[Date "2020.08.08"]
[Round "6"]
[White "checkninja"]
[Black "kingsac1234"]
[Result "1/2-1/2"]
[ICCResult "Game drawn by mutual agreement"]
[WhiteElo "1991"]
[BlackElo "2117"]
[Opening "Sicilian: Nimzovich-Rossolimo attack (without ...d6)"]
[ECO "B30"]
[NIC "SI.31"]
[Time "18:36:39"]
[TimeControl "3600+10"]

1. e4 c5 2. Nf3 Nc6 3. Bb5 e6 4. Bxc6 bxc6 5. b3 d5 6. Nc3 Nf6 7. e5 Nd7 8.
O-O g6 9. Re1 Bg7 10. Qe2 O-O 11. Ba3 Qa5 12. Na4 Re8 13. Qe3 c4 14. Bd6 Ba6
15. Qf4 f5 {Game drawn by mutual agreement} 1/2-1/2

[Event "ICC tourney 1955 (60 10)"]
[Site "Internet Chess Club"]
[Date "2020.08.08"]
[Round "6"]
[White "chessisthebest1"]
[Black "chessmilano"]
[Result "1-0"]
[ICCResult "Black resigns"]
[WhiteElo "1885"]
[BlackElo "1425"]
[Opening "French: Rubinstein variation"]
[ECO "C10"]
[NIC "FR.07"]
[Time "18:36:55"]
[TimeControl "3600+10"]

1. e4 e6 2. d4 d5 3. Nc3 dxe4 4. Nxe4 Nd7 5. Nf3 Ngf6 6. Nxf6+ Nxf6 7. c3
Bd6 8. Bd3 O-O 9. O-O b6 10. Re1 Bb7 11. Ne5 c5 12. dxc5 Bxc5 13. Be3 Qc7
14. Bf4 Rfd8 15. Qe2 Rac8 16. Rad1 Nd5 17. Bg3 Qe7 18. Be4 f6 19. Nd3 Bd6
20. Bxd6 Rxd6 21. g3 Qd7 22. Nc1 e5 23. c4 Ne7 24. Rxd6 {Black resigns} 1-0

[Event "ICC tourney 1955 (60 10)"]
[Site "Internet Chess Club"]
[Date "2020.08.08"]
[Round "6"]
[White "Mulan2009"]
[Black "Knightoffaith"]
[Result "1/2-1/2"]
[ICCResult "Game drawn by mutual agreement"]
[WhiteElo "1605"]
[BlackElo "1851"]
[Opening "Sicilian"]
[ECO "B56"]
[NIC "SI.25"]
[Time "18:36:45"]
[TimeControl "3600+10"]

1. e4 c5 2. Nf3 d6 3. d4 cxd4 4. Nxd4 Nf6 5. Nc3 Nc6 6. Be3 Ng4 7. Qd2 Nxe3
8. Qxe3 e6 9. O-O-O a6 10. f4 Qc7 11. f5 Be7 12. Be2 Bf6 13. Nf3 Ne5 14.
Nxe5 Bxe5 15. Na4 b5 16. Nb6 Rb8 17. Nxc8 Rxc8 18. Qb3 O-O 19. fxe6 Qe7 20.
exf7+ Qxf7 21. Qxf7+ Rxf7 22. Bf3 Rfc7 23. c3 b4 24. Kc2 bxc3 25. b3 Rf8 26.
Rdf1 Rcf7 27. Be2 Rxf1 28. Rxf1 Rxf1 29. Bxf1 a5 30. Be2 Kf7 31. Kd3 Ke7 32.
Bd1 Kd7 33. Kc4 Kc6 34. h3 {Game drawn by mutual agreement} 1/2-1/2

[Event "ICC tourney 1955 (60 10)"]
[Site "Internet Chess Club"]
[Date "2020.08.08"]
[Round "6"]
[White "Kausy"]
[Black "pianoboy"]
[Result "1/2-1/2"]
[ICCResult "Game drawn by repetition"]
[WhiteElo "1726"]
[BlackElo "1886"]
[Opening "Sicilian"]
[ECO "B56"]
[NIC "SI.01"]
[Time "18:37:16"]
[TimeControl "3600+10"]

1. e4 c5 2. Nf3 d6 3. d4 cxd4 4. Nxd4 Nf6 5. Nc3 g5 6. Bxg5 Bg7 7. Be2 Nc6
8. Be3 O-O 9. Qd2 Re8 10. O-O Bd7 11. f3 Rc8 12. Nb3 a6 13. Bh6 Bxh6 14.
Qxh6 Ne5 15. Kh1 Kh8 16. f4 Neg4 17. Bxg4 Nxg4 18. Qh5 Rg8 19. Qxf7 Rg7 20.
Qh5 Qb6 21. Qh4 Ne3 22. Rf2 Rcg8 23. Rg1 a5 24. a4 Bc6 25. Re2 Nxg2 26. Qf2
Qb4 27. Nd4 Qc4 28. Nf5 Rg4 29. Nh6 Rxf4 30. Qxf4 Nxf4 31. Rxg8+ Qxg8 32.
Nxg8 Nxe2 33. Nxe7 Nxc3 34. Nxc6 bxc6 35. bxc3 Kg7 36. Kg2 Kf6 37. Kf3 Ke6
38. Ke3 Ke5 39. c4 h5 40. h4 c5 41. c3 Ke6 42. Kf4 Kf6 43. Kf3 Ke5 44. Ke3
Ke6 45. Kf4 Kf6 46. Kf3 Ke5 47. Ke3 Ke6 48. Kf3 Ke5 49. Ke3 Ke6 50. Kf4 Kf6
51. Ke3 Ke5 52. Kf3 Ke6 53. Ke3 Ke5 54. Kf3 Ke6 55. Kf4 Kf6 56. Kf3 Ke5 57.
Ke3 Ke6 58. Kf4 Kf6 59. Kf3 Ke6 60. Ke3 Ke5 61. Kf3 Ke6 62. Kf4 Kf6 63. Kf3
Ke5 64. Ke3 Ke6 65. Kf4 Kf6 66. Kf3 Ke5 67. Ke3 Ke6 68. Kf4 Kf6 69. Kf3 Ke5
70. Ke3 Ke6 71. Kf4 Kf6 72. Kf3 Ke5 73. Ke3 Ke6 74. Kf4 Kf6 75. Kf3 Ke5 76.
Ke3 Ke6 77. Kf4 Kf6 78. Kf3 Ke5 79. Ke3 Ke6 80. Kf4 {Game drawn by
repetition} 1/2-1/2

[Event "ICC tourney 1955 (60 10)"]
[Site "Internet Chess Club"]
[Date "2020.08.08"]
[Round "6"]
[White "askarkztx"]
[Black "harkerchess"]
[Result "1-0"]
[ICCResult "Black resigns"]
[WhiteElo "2125"]
[BlackElo "1931"]
[Opening "English: closed system"]
[ECO "A26"]
[NIC "EO.24"]
[Time "18:37:08"]
[TimeControl "3600+10"]

1. c4 e5 2. g3 Nc6 3. Bg2 g6 4. Nc3 Bg7 5. d3 d6 6. Nf3 f5 7. Bg5 Nf6 8. Nd5
h6 9. Bxf6 Bxf6 10. h4 O-O 11. Nxf6+ Qxf6 12. Nd2 Ne7 13. Qb3 c6 14. f4 h5
15. Qc3 exf4 16. Qxf6 Rxf6 17. gxf4 Be6 18. O-O d5 19. b3 Rff8 20. Nf3 dxc4
21. bxc4 Kg7 22. Rab1 b6 23. a4 Rab8 24. Rb2 Bd7 25. Ne5 Be8 26. c5 Rf6 27.
Ra1 Nc8 28. Rc1 b5 29. axb5 Rxb5 30. Rxb5 cxb5 31. Bb7 Ne7 32. Ra1 Bc6 33.
Rxa7 Kf8 34. Bxc6 Nxc6 35. Ra6 Nxe5 36. Rxf6+ Nf7 37. c6 {Black resigns} 1-0

[Event "ICC tourney 1955 (60 10)"]
[Site "Internet Chess Club"]
[Date "2020.08.08"]
[Round "6"]
[White "gardemarin13"]
[Black "kptl132"]
[Result "1-0"]
[ICCResult "Black resigns"]
[WhiteElo "1948"]
[BlackElo "2011"]
[Opening "Sicilian: Grand Prix attack"]
[ECO "B23"]
[NIC "SI.44"]
[Time "18:36:47"]
[TimeControl "3600+10"]

1. e4 c5 2. Nc3 Nc6 3. f4 e6 4. Nf3 d5 5. Bb5 Nf6 6. e5 Nd7 7. Bxc6 bxc6 8.
d3 Be7 9. O-O O-O 10. Re1 Ba6 11. Ne2 c4 12. d4 c5 13. Be3 Qb6 14. Rb1 Rfc8
15. Ng3 cxd4 16. Nxd4 Bc5 17. c3 Qd8 18. Qg4 Nf8 19. f5 Bxd4 20. Bxd4 exf5
21. Nxf5 Ne6 22. Nh6+ Kf8 23. Rf1 Ng5 24. Nxf7 Nxf7 25. e6 {Black resigns}
1-0

[Event "ICC tourney 1955 (60 10)"]
[Site "Internet Chess Club"]
[Date "2020.08.08"]
[Round "6"]
[White "Mozart1"]
[Black "PhenomenalChess"]
[Result "1-0"]
[ICCResult "Black resigns"]
[WhiteElo "1881"]
[BlackElo "1616"]
[Opening "French: Winawer, advance, poisoned pawn, Konstantinopolsky variation"]
[ECO "C18"]
[NIC "FR.11"]
[Time "18:37:44"]
[TimeControl "3600+10"]

1. e4 e6 2. d4 d5 3. Nc3 Bb4 4. e5 c5 5. a3 Bxc3+ 6. bxc3 Ne7 7. Qg4 Qc7 8.
Qxg7 Rg8 9. Qxh7 cxd4 10. Ne2 Nbc6 11. f4 Bd7 12. Qd3 dxc3 13. g3 O-O-O 14.
Be3 Nf5 15. Bg2 Rg6 16. O-O Rdg8 17. Bf2 Qd8 18. Rab1 a6 19. Rxb7 Kxb7 20.
Rb1+ Nb4 21. Rxb4+ Bb5 22. Nxc3 Kc7 23. Nxb5+ axb5 24. Bb6+ {Black resigns}
1-0

[Event "ICC tourney 1955 (60 10)"]
[Site "Internet Chess Club"]
[Date "2020.08.08"]
[Round "6"]
[White "Eric1127"]
[Black "LoopyLoop"]
[Result "1-0"]
[ICCResult "Black checkmated"]
[WhiteElo "1664"]
[BlackElo "1620"]
[Opening "Sicilian"]
[ECO "B56"]
[NIC "SI.25"]
[Time "18:37:33"]
[TimeControl "3600+10"]

1. e4 c5 2. Nf3 d6 3. d4 cxd4 4. Nxd4 Nf6 5. Nc3 Nc6 6. f3 e6 7. Be3 Be7 8.
Bc4 Bd7 9. Qd2 Rc8 10. Bb3 Na5 11. O-O-O Nxb3+ 12. Nxb3 a5 13. Nd4 Bc6 14.
g4 Qd7 15. Qd3 Rb8 16. Ndb5 d5 17. e5 Ng8 18. a3 Rc8 19. Bb6 Bxb5 20. Nxb5
Rc4 21. Qxc4 dxc4 22. Rxd7 Kxd7 23. Bxa5 Kc6 24. a4 Bg5+ 25. Bd2 Bxd2+ 26.
Kxd2 Ne7 27. Kc3 Ng6 28. Re1 Kd5 29. Nd6 f6 30. Nxc4 Nxe5 31. Rd1+ Kc5 32.
Nxe5 fxe5 33. Re1 Kd5 34. Kb4 Rf8 35. Rd1+ Kc6 36. Rd3 Rf4+ 37. c4 Rf6 38.
h4 Rf4 39. h5 Rf6 40. Re3 Kd6 41. Kb5 Rf4 42. b4 Rd4 43. Re4 Rd3 44. f4 exf4
45. Rxf4 Ke7 46. Kb6 Rd7 47. c5 e5 48. Re4 Ke6 49. b5 Rd4 50. Rxd4 exd4 51.
c6 d3 52. c7 d2 53. c8=Q+ Ke5 54. Qc3+ Ke4 55. Qxd2 Kf3 56. g5 Kg4 57. h6
gxh6 58. gxh6 Kh5 59. Qg2 Kxh6 60. Kc5 Kh5 61. Kd5 Kh4 62. Ke5 h5 63. Kf4 b6
64. Qh2# {Black checkmated} 1-0

[Event "ICC tourney 1955 (60 10)"]
[Site "Internet Chess Club"]
[Date "2020.08.08"]
[Round "6"]
[White "Vish1080"]
[Black "BadWolf"]
[Result "1/2-1/2"]
[ICCResult "Game drawn by mutual agreement"]
[WhiteElo "1684"]
[BlackElo "1993"]
[Opening "Réti opening"]
[ECO "A11"]
[NIC "QP.09"]
[Time "18:37:09"]
[TimeControl "3600+10"]

1. Nf3 d5 2. c4 c6 3. e3 Nf6 4. Nc3 Bg4 5. cxd5 Nxd5 6. Nxd5 Qxd5 7. Be2 e5
8. Qa4 Be6 9. e4 Qd6 10. d4 exd4 11. Qxd4 Qxd4 12. Nxd4 Bb4+ 13. Bd2 Bxd2+
14. Kxd2 Ke7 15. Nxe6 Kxe6 16. Ke3 Rd8 17. Rad1 Nd7 18. Bg4+ Ke7 19. Bxd7
Rxd7 20. Rxd7+ Kxd7 21. Rd1+ Ke7 22. f4 Rd8 23. Rxd8 Kxd8 24. Kd4 Ke7 25. b4
Kd6 26. e5+ Ke6 27. g4 g6 28. a4 b6 29. Ke4 h6 30. h4 Ke7 31. f5 g5 32. hxg5
hxg5 33. a5 Kd7 34. Kd4 Ke7 35. Kc4 Kd7 36. axb6 axb6 37. b5 c5 38. Kd5 Kc7
39. Ke4 Kd8 40. f6 Kd7 41. Kf5 c4 42. e6+ Ke8 43. exf7+ Kxf7 44. Ke4 Kxf6
45. Kd4 c3 46. Kxc3 Ke5 47. Kc4 Kf4 48. Kd5 Kxg4 49. Kc6 Kf5 50. Kxb6 g4 51.
Kc6 g3 52. b6 g2 53. b7 g1=Q 54. b8=Q {Game drawn by mutual agreement}
1/2-1/2

[Event "ICC tourney 1955 (60 10)"]
[Site "Internet Chess Club"]
[Date "2020.08.08"]
[Round "6"]
[White "kabirahmed"]
[Black "Gfprasanna"]
[Result "0-1"]
[ICCResult "White resigns"]
[WhiteElo "1901"]
[BlackElo "2128"]
[Opening "Nimzovich-Larsen attack: modern variation"]
[ECO "A01"]
[NIC "VO.08"]
[Time "18:37:31"]
[TimeControl "3600+10"]

1. b3 e5 2. Bb2 Nc6 3. e3 Nf6 4. Bb5 d6 5. d3 Bd7 6. Nd2 Be7 7. Ne2 a6 8.
Bxc6 Bxc6 9. e4 O-O 10. O-O Re8 11. f4 b5 12. h3 Bf8 13. g4 Nd7 14. f5 d5
15. Ng3 Bc5+ 16. Kh2 Be3 17. Qe2 Bf4 18. exd5 Bxd5 19. Ne4 Qh4 20. Bc1 Bxe4
21. Bxf4 Bxd3 22. Qxd3 exf4 23. Rxf4 Rad8 24. Qc3 Nf6 25. Rd4 Rxd4 26. Qxd4
h5 27. Kg2 hxg4 28. Rh1 gxh3+ {White resigns} 0-1

[Event "ICC tourney 1955 (60 10)"]
[Site "Internet Chess Club"]
[Date "2020.08.08"]
[Round "6"]
[White "ThunderingFish"]
[Black "ChessPlayer2005"]
[Result "1/2-1/2"]
[ICCResult "Game drawn by mutual agreement"]
[WhiteElo "1902"]
[BlackElo "1766"]
[Opening "Réti: King's Indian attack"]
[ECO "A05"]
[NIC "QP.11"]
[Time "18:37:52"]
[TimeControl "3600+10"]

1. Nf3 Nf6 2. g3 g6 3. Bg2 Bg7 4. O-O O-O 5. d3 d5 6. Nbd2 c5 7. e4 dxe4 8.
dxe4 Nc6 9. Re1 e5 10. c3 Be6 11. Qe2 Qd7 12. Ng5 Bg4 13. f3 Be6 14. Nf1
Rad8 15. Be3 b6 16. Red1 Qc8 17. Nxe6 Qxe6 18. b3 Rfe8 19. Bg5 h6 20. Bxf6
Bxf6 21. Ne3 Bg7 22. Nd5 Qc8 23. Rd2 Ne7 24. Rad1 Nxd5 25. Rxd5 Rxd5 26.
Rxd5 Rd8 27. Qd3 Bf6 28. h4 h5 29. Kh2 Rxd5 30. exd5 Qd7 31. Bh3 Qd6 32. c4
Bxh4 33. f4 Be7 34. Qe4 exf4 35. gxf4 g5 36. Kg3 Qxf4+
{Game drawn by mutual agreement}
1/2-1/2